 Dungeon Crawl Stone Soup version 0.27-a0-661-gca034ae587 (webtiles) character file.

Game seed: 13811245825125328130

4 Johnny the Digger (level 1, -1/11 HPs)
             Began as a Deep Elf Earth Elementalist on Mar 17, 2021.
             Slain by a goblin (2 damage)
             ... on level 1 of the Dungeon.
             The game lasted 00:00:16 (175 turns).

Johnny the Digger (Deep Elf Earth Elementalist)      Turns: 175, Time: 00:00:16

Health: -1/11      AC:  2    Str:  5    XL:     1   Next: 50%
Magic:  6/6        EV: 12    Int: 19    God:
Gold:   19         SH:  0    Dex: 15    Spells: 5/6 levels left

rFire    . . .     SeeInvis .   a - +0 mace
rCold    . . .     Faith    .   (no shield)
rNeg     . . .     Spirit   .   c - +0 robe
rPois    .         Reflect  .   (no helmet)
rElec    .         Harm     .   (no cloak)
rCorr    .         Rampage  .   (no gloves)
Will     .....                  (no boots)
Stlth    ++........             (no amulet)
HPRegen  0.03/turn              (no ring)
MPRegen  0.10/turn              (no ring)

@: no status effects
A: no striking features
a: no special abilities


You were on level 1 of the Dungeon.
You visited 1 branch of the dungeon, and saw 1 of its levels.

You collected 19 gold pieces.

Inventory:

Hand Weapons
 a - a +0 mace (weapon)
Missiles
 b - 40 stones
Armour
 c - a +0 robe (worn)


   Skills:
 * Level 0.4 Fighting
 - Level 2.4 Dodging
 - Level 2.4 Stealth
 + Level 3.1 Spellcasting
 - Level 1.1 Transmutations
 + Level 3.3 Earth Magic


You had 5 spell levels left.
You knew the following spells:

 Your Spells              Type           Power      Damage    Failure   Level
a - Sandblast             Erth           30%        2d9       3%          1

Your spell library contained the following spells:

 Spells                   Type           Power      Damage    Failure   Level
 Passwall                 Tmut/Erth      9%         N/A       9%          2
 Stone Arrow              Conj/Erth      18%        3d8       22%         3
 Petrify                  Tmut/Erth      11%        N/A       52%         4
 Lee's Rapid Deconstruct  Erth           7%         3d8*      71%         5


Dungeon Overview and Level Annotations

Branches:
Dungeon (1/15)

Altars:


Message History

Confirm with . or Enter, or press ? or * to list all spells.
You can't see any susceptible monsters within range! (Use Z to cast anyway.)
There are no items here.
You see here a +0 mace.
a - a +0 mace
a - a +0 mace (weapon)
You now have 19 gold pieces (gained 9).
A rat comes into view.
A rat is nearby!
A rat is nearby!
The rat bites you.
You hit the rat.
You kill the rat!
No target in view!
No target in view!
No target in view!
No target in view!
HP restored.
A giant cockroach comes into view.
A giant cockroach is nearby!
A giant cockroach is nearby!
A goblin comes into view.
The goblin shouts!
You hit the goblin.
The goblin is severely wounded.
The goblin barely misses you. The giant cockroach misses you.
The goblin hits you.
The giant cockroach bites you but does no damage.
You closely miss the goblin.
The goblin is severely wounded.
A rat comes into view.
The giant cockroach misses you. The goblin hits you.
You closely miss the goblin.
The goblin is severely wounded.
The giant cockroach closely misses you. The goblin hits you.
* * * LOW HITPOINT WARNING * * *
The giant cockroach bites you.
* * * LOW HITPOINT WARNING * * *
The goblin hits you.
You die...

######### #.......#
#......# #.......#
#......# #.......#
#..r... #.......#
#..... #.......# #....
#.......# ...
####.......# #g#
...........#####@#####
.....#####.......B...#
.....# #...........#
.....# #...........#
.....#####...........#
.................#####
...†.#############
..#### #.#


You could see a giant cockroach, a goblin and a rat.

Vanquished Creatures
  A giant cockroach (D:1)
  A bat (D:1)
  3 rats (D:1)
5 creatures vanquished.

Notes
Turn   | Place    | Note
-------+----------+-------------------------------------------
     0 | D:1      | Johnny the Deep Elf Earth Elementalist began the quest for
                  | the Orb.
     0 | D:1      | Reached XP level 1. HP: 10/10 MP: 6/6
   175 | D:1      | Slain by a goblin

Illustrated notes

Levels and vault maps discovered:
D:1:      dpeg_arrival_prison, layout_basic

Action                   || total
-------------------------++-------
Melee: Mace              ||     4
 Cast: Sandblast         ||     5
Armor: Robe              ||     1
Dodge: Dodged            ||     6

Table legend: (Time is in decaauts)
 A = Elapsed time spent in this place.
 B = Non-inter-level travel time spent in this place.
 C = Inter-level travel time spent in this place.
 D = Time resting spent in this place.
 E = Time spent auto-exploring this place.
 F = Levels seen in this place.
 G = Mean time per level.
                   A        B        C        D        E       F      G
               +--------+--------+--------+--------+--------+-----+--------+
         Total |    175 |    175 |      0 |      0 |    142 |   1 |  175.0 |
       Dungeon |    175 |    175 |      0 |      0 |    142 |   1 |  175.0 |
               +--------+--------+--------+--------+--------+-----+--------+

Top non-repeatable levels by time:
     D:1: 175 daAuts
